 Dungeon Crawl Stone Soup version 0.25-a0-435-g4b9beb1024 (webtiles) character file.

Game seed: 13832329759393352598, levelgen mode: deterministic

100595 MrRokkomies the Blocker (level 15, -1/115 HPs)
             Began as a Vampire Enchanter on Jan 25, 2020.
             Was the Champion of Kikubaaqudgha.
             Slain by a spriggan rider
             ... wielding a +0 spear
              (15 damage)
             ... on level 2 of the Swamp on Jan 28, 2020.
             The game lasted 01:51:46 (29470 turns).

MrRokkomies the Blocker (Vampire Enchanter)        Turns: 29470, Time: 01:51:46

Health: -1/115     AC: 14    Str: 11    XL:     15   Next: 81%
Magic:  15/23      EV: 18    Int: 20    God:    Kikubaaqudgha [******]
Gold:   578        SH: 17    Dex: 15    Spells: 8/25 levels left

rFire    + . .     SeeInvis +   a - +4 dagger (elec)
rCold    . . .     Gourm    .   A - +3 shield of the Big Bang {+Blink rF+ MR+}
rNeg     . . .     Faith    .   g - +0 leather armour of the Sea {+Inv rElec rPois SInv}
rPois    +         Spirit   .   I - +2 helmet
rElec    +         Reflect  +   F - +0 cloak
rCorr    .         Harm     .   S - +2 pair of gloves
MR       ++...                  (no boots)
Stlth    +++++.....             V - +2 amulet of reflection
HPRegen  0.49/turn              s - ring of wizardry
MPRegen  0.18/turn              U - +4 ring of protection

@: regenerating quickly
A: no food, fangs 3, see invisible, unbreathing
a: Exsanguinate, Receive Corpses, Torment, Brand Weapon With Pain, Receive
Necronomicon, Renounce Religion, Evoke Blink, Evoke Invisibility


You were on level 2 of the Swamp.
You worshipped Kikubaaqudgha.
Kikubaaqudgha was exalted by your worship.
You were alive.

You visited 5 branches of the dungeon, and saw 27 of its levels.
You also visited: Sewer and Ice Cave.

You collected 2943 gold pieces.
You spent 2365 gold pieces at shops.

Inventory:

Hand Weapons
 a - a +4 dagger of electrocution (weapon)
 b - a +1 hunting sling of flaming
Missiles
 o - 199 sling bullets
 t - 48 poisoned darts (quivered)
 P - 5 curare-tipped darts
Armour
 g - the +0 leather armour of the Sea (worn) {+Inv rElec rPois SInv}
   (You found it on level 5 of the Lair of Beasts)

   It insulates you from electricity.
   It protects you from poison.
   It lets you see invisible.
   It lets you turn invisible.
   If you remove this armour, your AC will fall 3 points (14 -> 11)
 A - the +3 shield of the Big Bang (worn) {+Blink rF+ MR+}
   (You found it on level 6 of the Dungeon)

   It protects you from fire.
   It affects your resistance to hostile enchantments.
   It lets you blink.
   If you remove this armour, your AC will rise 0 points (14 -> 14)
 F - a +0 cloak (worn)
 I - a +2 helmet (worn)
 S - a +2 pair of gloves (worn)
Magical Staves
 w - an uncursed staff of wizardry
Jewellery
 s - a ring of wizardry (left hand)
 v - an uncursed ring of protection from cold
 G - an uncursed ring of fire
 U - a +4 ring of protection (right hand)
 V - a +2 amulet of reflection (around neck)
 W - an uncursed ring of protection from fire
Wands
 f - a wand of acid (8)
 x - a wand of polymorph (39)
 J - a wand of flame (22)
 K - a wand of paralysis (1)
 N - a wand of scattershot (4)
 O - a wand of disintegration (13)
 Q - a wand of enslavement (11)
 R - a wand of iceblast (11)
 Y - a wand of digging (12)
Scrolls
 n - a scroll of identify
 u - 4 scrolls of magic mapping
 y - 11 scrolls of remove curse
 z - 5 scrolls of fog
 B - 4 scrolls of enchant weapon
 C - 3 scrolls of enchant armour
 D - a scroll of immolation
 E - 3 scrolls of fear
 M - a scroll of amnesia
 T - 4 scrolls of teleportation
Potions
 c - a potion of resistance
 d - 6 potions of flight
 e - 5 potions of mutation
 h - 4 potions of brilliance
 i - a potion of cancellation
 j - a potion of magic
 k - 3 potions of ambrosia
 m - 10 potions of curing
 p - a potion of haste
 q - 3 potions of invisibility
 r - 3 potions of might
 L - 2 potions of lignification
 X - a potion of berserk rage
Miscellaneous
 l - a lamp of fire
 H - 2 phantom mirrors


   Skills:
 - Level 10.0 Fighting
 - Level 10.0 Short Blades
 - Level 10.0 Dodging
 - Level 11.0 Stealth
 + Level 13.7 Shields
 * Level 5.5 Spellcasting
 - Level 11.0 Hexes
 * Level 13.2 Necromancy
 + Level 7.2 Evocations


You had 8 spell levels left.
You knew the following spells:

 Your Spells              Type           Power        Failure   Level  Hunger
a - Confusing Touch       Hex            #####...     1%          3    N/A
b - Ensorcelled Hibernat  Hex/Ice        ####..       1%          2    N/A
c - Tukima's Dance        Hex            #####...     1%          3    N/A
d - Dazzling Flash        Conj/Hex       ####..       2%          3    N/A
e - Animate Dead          Necr           N/A          1%          4    N/A
f - Corpse Rot            Necr/Air       N/A          1%          2    N/A

Your spell library contained the following spells:

 Spells                   Type           Power        Failure   Level  Hunger
 Animate Skeleton         Necr           N/A          1%          1    N/A
 Corona                   Hex            #####..      1%          1    N/A
 Pain                     Necr           ####         1%          1    N/A
 Slow                     Hex            #####...     1%          2    N/A
 Sublimation of Blood     Necr           ######....   1%          2    N/A
 Vampiric Draining        Necr           ######....   1%          3    N/A
 Cause Fear               Hex            #####.....   1%          4    N/A
 Dispel Undead            Necr           ######..     1%          4    N/A
 Agony                    Necr           ######..     1%          5    N/A
 Inner Flame              Hex/Fire       ####....     2%          3    N/A
 Portal Projectile        Hex/Tloc       ####..       2%          3    N/A
 Summon Guardian Golem    Hex/Summ       ####....     2%          3    N/A
 Death Channel            Necr           ######....   4%          6    N/A
 Beastly Appendage        Tmut           #.....       7%          1    N/A
 Fulminant Prism          Conj/Hex       ####......   8%          4    N/A
 Leda's Liquefaction      Hex/Erth       ####......   8%          4    N/A
 Sticks to Snakes         Tmut           #.......     11%         2    N/A
 Borgnjor's Vile Clutch   Necr/Erth      ####......   12%         5    N/A
 Excruciating Wounds      Chrm/Necr      ####......   12%         5    N/A
 Invisibility             Hex            #####...     12%         6    N/A
 Recall                   Summ/Tloc      N/A          21%         3    N/A
 Simulacrum               Ice/Necr       ####......   52%         6    N/A
 Blade Hands              Tmut           #.........   86%         5    N/A
 Irradiate                Conj/Tmut      #.........   86%         5    N/A
 Conjure Ball Lightning   Conj/Air       #.........   100%        6    N/A
 Hydra Form               Tmut           #.........   100%        6    N/A
 Statue Form              Tmut/Erth      #........    100%        6    N/A
 Dragon Form              Tmut           #.........   100%        7    N/A

Dungeon Overview and Level Annotations

Branches:
Dungeon (15/15)            Temple (1/1) D:5            Lair (6/6) D:9
  Swamp (3/4) Lair:4        Snake (0/4) Lair:2        Slime (0/5) Lair:6
    Orc (2/2) D:9             Elf (0/3) Orc:2        Vaults (0/5) D:14
 Depths (0/5) D:15          Sewer (visited)           IceCv (visited)

Altars:
Ashenzari
Dithmenos
Elyvilon
Fedhas
Kikubaaqudgha
Makhleb
Uskayaw
Vehumet
Wu Jian
Xom
Zin
Beogh
Jiyva

Shops:
D:7 *   D:13 (::(   Orc:2 *=([!

Portals:
Hell: Lair:6

Annotations:
D:6 1 runed translucent door, waddelsworth's ghost, novice GrEE
Lair:2 exclusion: oklob plant


Innate Abilities, Weirdness & Mutations

You do not eat.
Your natural rate of healing is unusually fast.
You have razor-sharp teeth.
You have supernaturally acute eyesight. (SInv)
You can survive without breathing.


Message History

The spriggan rider is moderately wounded.
Your alligator zombie barely misses the spriggan rider.
Your alligator zombie tail-slaps the spriggan rider.
The spriggan rider hits you with a +0 spear.
* * * LOW HITPOINT WARNING * * *
Casting: Animate Dead (safe; 1% risk of failure)
Confirm with . or Enter, or press ? or * to list all spells.
Aiming: Ensorcelled Hibernation (safe; 1% risk of failure)
Press: ? - help, Shift-Dir - straight line, f - spriggan rider
Aim: a spriggan rider, wielding a +0 spear (moderately wounded, chance to defeat MR: 4%)
Okay, then.
Unknown command.
Okay, then.
Unknown command.
You fail to use your ability.
Your alligator zombie bites the spriggan rider!
Your alligator zombie completely misses the spriggan rider.
The spriggan rider hits you with a +0 spear!
You die...
Kikubaaqudgha rasps: "You have failed me!
Welcome... death!" 7..777≈§≈≈.≈..≈≈........ 777

7..≈777.≈≈≈..≈≈≈≈≈......
77.7777≈.7777.≈≈≈≈≈≈≈≈≈≈......
77...7.≈≈...77....≈≈≈≈
77.≈.≈.≈.≈.≈≈≈7≈...≈≈≈≈
7.≈...≈..7.≈≈≈..>..§≈≈≈
77....7...7.§≈≈..≈..≈≈≈
7...7............≈...§≈
7.....##...##Zi@.77≈≈≈
7.≈.....#........7
77....###.....#...7
7..........#.)....>7
77..≈.≈...).$.....≈7
7≈≈^§.≈(≈....##..≈77
7...≈........#...77
77..≈........#.#%7
7§.≈.........# ..


You could see a spriggan rider and a friendly alligator zombie.

Vanquished Creatures
  7 vault guards
  14 hydras
  A shambling mangrove (Swamp:2)
  Harold (D:7)
  A ghost crab (Swamp:1)
  A catoblepas (Lair:2)
  5 centaur warriors
  7 alligators
  5 two-headed ogres
  4 death yaks (Lair:6)
  3 unseen horrors
  A wizard (Lair:6)
  2 orc knights (D:15)
  2 swamp dragons
  5 manticores
  A salamander (D:15)
  11 ugly things
  7 cyclopes
  5 orc sorcerers (Orc:2)
  Maurice (D:8)
  6 black mambas
  Joseph (D:7)
  5 elephants
  2 ice statues (IceCv)
  Psyche (D:9)
  6 centaur skeletons
  A torpor snail (Lair:2)
  A gargoyle (D:15)
  11 spiny frogs
  2 rime drakes
  2 efreet (D:15)
  A komodo dragon (shapeshifter) (D:14)
  A hellwing (Lair:6)
  5 komodo dragons
  A queen bee (D:9)
  An ice devil (Lair:6)
  8 trolls
  2 tyrant leeches
  A polar bear (Lair:6)
  A harpy skeleton (D:15)
  10 slime creatures
  8 hippogriffs
  3 hornets (Swamp:2)
  5 bog bodies
  9 blink frogs
  An air elemental (D:12)
  A spriggan (Swamp:2)
  4 shadows
  A human (D:9)
  A water elemental (D:12)
  38 yaks
  A wraith (D:11)
  4 wyverns
  4 hogs (D:9)
  A basilisk (Lair:2)
  2 vampires
  3 hungry ghosts
  Grum (D:10)
  13 vampire mosquitoes
  3 nagas (Lair:2)
  5 swamp worms
  A soldier ant (D:13)
  Edmund (D:6)
  7 wargs
  12 water moccasins
  A hell hound (Lair:6)
  2 acid dragons (D:11)
  8 porcupines
  Purgy (Sewer)
  10 orc warriors
  7 phantoms
  2 swamp drakes
  9 ice beasts
  3 sky beasts
  6 ogres
  11 wolves
  6 crocodiles
  A necrophage (D:10)
  8 centaurs
  4 big kobolds
  20 bullfrogs
  An earth elemental (D:12)
  A wyvern zombie (D:10)
  A water moccasin zombie (D:10)
  4 scorpions
  A water moccasin skeleton (D:4)
  34 killer bees
  3 electric eels
  4 howler monkeys
  A lava snake (D:11)
  A quasit (D:9)
  2 centaur zombies
  4 bullfrog zombies
  5 crimson imps
  2 jellies
  3 hounds
  11 orc priests
  5 bullfrog skeletons
  38 orc wizards
  4 iguanas
  2 hell rats (Lair:6)
  9 worker ants
  A hound zombie (D:6)
  2 hound skeletons
  5 worker ant zombies
  4 gnolls (D:2)
  13 adders
  A river rat (Lair:6)
  2 shadow imps
  An adder skeleton (D:6)
  An adder zombie (D:7)
  6 worms
  3 dart slugs
  7 leopard geckos
  102 orcs
  3 bats
  8 giant cockroaches
  8 goblins
  8 hobgoblins
  8 jackals
  3 quokkas
  5 ball pythons
  4 frilled lizards
  26 kobolds
  A leopard gecko zombie (D:5)
  14 rats
  2 toadstools (D:1)
755 creatures vanquished.

Vanquished Creatures (collateral kills)
  2 alligators (Swamp:3)
  A hydra (Lair:6)
  A sixfirhy (Lair:6)
  A spriggan druid (Swamp:3)
  A wolf spider (D:15)
  2 elephants
  3 orange demons (Lair:6)
  4 spiny frogs
  A rime drake (Lair:6)
  A komodo dragon (Lair:6)
  A red devil (Lair:6)
  A hippogriff (Lair:6)
  2 bog bodies
  4 slime creatures (Swamp:2)
  A redback (shapeshifter) (D:15)
  12 yaks
  A wyvern (Lair:6)
  A fire elemental (D:12)
  2 vampire mosquitoes (Swamp:3)
  2 swamp worms
  2 porcupines
  3 water moccasins
  4 hell hounds (Lair:6)
  2 swamp drakes (Swamp:3)
  An ogre (D:6)
  A wolf (Lair:3)
  A centaur (D:14)
  A crocodile (Lair:6)
  An iguana (D:14)
  2 orc wizards (Orc:2)
  5 hell rats (Lair:6)
  2 river rats (Lair:6)
  5 orcs
  A jackal (D:11)
  6 rats (Lair:6)
  5 fungi
  3 plants (Lair:6)
89 creatures vanquished.

Vanquished Creatures (others)
  A cyclops (D:15)
  2 dancing weapons
  2 centaurs
  A big kobold (D:13)
  An orc wizard (Orc:2)
  An orc (D:15)
  4 kobolds (D:13)
  11 fungi
  15 plants
  2 toadstools (D:1)
40 creatures vanquished.

Grand Total: 884 creatures vanquished

Notes
Turn   | Place    | Note
-------+----------+-------------------------------------------
     0 | D:1      | MrRokkomies the Vampire Enchanter began the quest for the
                  | Orb.
     0 | D:1      | Reached XP level 1. HP: 13/13 MP: 3/3
   269 | D:1      | Reached XP level 2. HP: 17/19 MP: 5/5
   313 | D:1      | You fall into a shaft and drop 1 floor!
   317 | D:2      | Learned a level 2 spell: Ensorcelled Hibernation
   345 | D:2      | Reached skill level 5 in Hexes
   348 | D:2      | Reached XP level 3. HP: 24/24 MP: 1/6
   398 | D:2      | Reached skill level 5 in Stealth
   413 | D:2      | Found a faded altar of an unknown god.
   818 | D:1      | Learned a level 3 spell: Confusing Touch
  1067 | D:2      | Reached XP level 4. HP: 30/30 MP: 4/7
  1108 | D:2      | Found a glowing silver altar of Zin.
  2123 | D:3      | Reached XP level 5. HP: 26/35 MP: 3/8
  2182 | D:3      | Found a glowing drain.
  2197 | Sewer    | Entered a sewer
  2295 | Sewer    | Noticed Purgy
  2300 | Sewer    | Killed Purgy
  2508 | D:3      | Reached XP level 6. HP: 33/41 MP: 6/9
  2962 | D:4      | Reached XP level 7. HP: 22/46 MP: 10/10
  3902 | D:5      | Entered Level 5 of the Dungeon
  3907 | D:5      | Learned a level 3 spell: Tukima's Dance
  3946 | D:5      | Found a staircase to the Ecumenical Temple.
  3999 | Temple   | Entered the Ecumenical Temple
  4043 | Temple   | Became a worshipper of Kikubaaqudgha
  4110 | D:5      | Reached XP level 8. HP: 52/52 MP: 11/11
  4130 | D:5      | Reached skill level 5 in Dodging
  4332 | D:5      | Reached skill level 10 in Hexes
  4349 | D:5      | Reached skill level 5 in Short Blades
  5268 | D:6      | Got a shimmering shield
  5280 | D:6      | Identified the +3 shield of the Big Bang {+Blink rF+ MR+}
                  | (You found it on level 6 of the Dungeon)
  5404 | D:6      | Reached skill level 1 in Shields
  5555 | D:6      | Found a shadowy altar of Dithmenos.
  5587 | D:6      | Reached * piety under Kikubaaqudgha
  5587 | D:6      | Identified Kikubaaqudgha's Disquisition on Unholy Rites
                  | (Kikubaaqudgha gifted it to you on level 6 of the Dungeon)
  5587 | D:6      | Received a gift from Kikubaaqudgha
  5593 | D:6      | Learned a level 3 spell: Dazzling Flash
  5811 | D:6      | Noticed Edmund
  5823 | D:6      | Killed Edmund
  5853 | D:6      | Reached skill level 1 in Fighting
  5853 | D:6      | Reached XP level 9. HP: 59/59 MP: 9/12
  6081 | D:6      | Found a runed translucent door.
  6081 | D:6      | Found a shimmering altar of Xom.
  6081 | D:6      | Noticed waddelsworth's ghost (novice GrEE)
  6081 | D:6      | Noticed a +2 hand axe of chaos
  6281 | D:7      | Found Joymet Uroe's Assorted Antiques.
  6336 | D:7      | Found a hide-covered altar of Uskayaw.
  6338 | D:7      | Noticed Harold
  6340 | D:7      | Bought a metal-bound book for 465 gold pieces
  6405 | D:7      | HP: 3/61 [Harold/+0 hand axe (4)]
  6411 | D:7      | Killed Harold
  6558 | D:7      | Reached skill level 10 in Stealth
  6586 | D:7      | Noticed Joseph
  6605 | D:7      | Killed Joseph
  6755 | D:7      | Found a blossoming altar of Fedhas.
  6844 | D:7      | Found a radiant altar of Vehumet.
  6917 | D:7      | Reached ** piety under Kikubaaqudgha
  6936 | D:7      | HP: 1/65 [orc/+0 hand axe (6)]
  7213 | D:8      | Noticed a two-headed ogre
  7225 | D:8      | Found a blossoming altar of Fedhas.
  7231 | D:8      | Killed a two-headed ogre
  7231 | D:8      | Reached skill level 5 in Shields
  7231 | D:8      | Reached XP level 10. HP: 44/73 MP: 9/13
  7471 | D:8      | Noticed a two-headed ogre
  7473 | D:8      | Killed a two-headed ogre
  7473 | D:8      | Reached skill level 5 in Fighting
  7473 | D:8      | Noticed a two-headed ogre
  7491 | D:8      | Killed a two-headed ogre
  7689 | D:8      | Noticed Maurice
  7693 | D:8      | Killed Maurice
  8094 | D:8      | Reached *** piety under Kikubaaqudgha
  8094 | D:8      | Identified Kikubaaqudgha's Reference Book on Sinister
                  | Rituals (Kikubaaqudgha gifted it to you on level 8 of the
                  | Dungeon)
  8094 | D:8      | Received a gift from Kikubaaqudgha
  8508 | D:9      | Reached XP level 11. HP: 41/83 MP: 15/15
  8840 | D:9      | Found a staircase to the Orcish Mines.
  8921 | D:9      | Found a staircase to the Lair.
  9121 | D:9      | Reached **** piety under Kikubaaqudgha
  9199 | D:9      | Learned a level 4 spell: Animate Dead
  9202 | D:9      | Learned a level 2 spell: Corpse Rot
  9251 | D:9      | Noticed Psyche
  9254 | D:9      | Killed Psyche
  9392 | D:9      | Found a roughly hewn altar of Beogh.
  9661 | D:10     | Entered Level 10 of the Dungeon
  9890 | D:10     | Noticed Grum
  9912 | D:10     | Reached skill level 1 in Necromancy
  9929 | D:10     | Killed Grum
  9929 | D:10     | Reached ***** piety under Kikubaaqudgha
 10153 | D:10     | You fall into a shaft and drop 3 floors!
 10444 | D:13     | Noticed a centaur warrior
 10445 | D:13     | Noticed an unseen horror
 10499 | D:12     | Noticed a centaur warrior
 10541 | D:12     | Killed a centaur warrior
 10764 | D:11     | Noticed a two-headed ogre
 10771 | D:11     | Killed a two-headed ogre
 10792 | D:11     | Noticed a green ugly thing
 10795 | D:11     | Killed a green ugly thing
 10820 | D:10     | Noticed an unseen horror
 10844 | D:10     | Killed an unseen horror
 11279 | Lair:1   | Entered Level 1 of the Lair of Beasts
 11630 | Lair:1   | Reached XP level 12. HP: 53/94 MP: 17/17
 12338 | Lair:2   | Found a staircase to the Snake Pit.
 12997 | Lair:2   | Noticed a seven-headed hydra
 13018 | Lair:2   | HP: 3/95 [seven-headed hydra (10)]
 13020 | Lair:2   | Killed a seven-headed hydra
 13206 | Lair:2   | Noticed a five-headed hydra
 13222 | Lair:2   | Killed a five-headed hydra
 13570 | Lair:2   | Noticed a catoblepas
 13575 | Lair:2   | Killed a catoblepas
 13575 | Lair:2   | Reached skill level 5 in Necromancy
 14430 | Lair:3   | Reached skill level 10 in Shields
 14442 | Lair:2   | Reached skill level 10 in Short Blades
 14443 | Lair:2   | HP: 4/97 [elephant (14)]
 14656 | Lair:2   | Reached skill level 10 in Fighting
 14902 | Lair:3   | Reached skill level 1 in Evocations
 15208 | Lair:3   | Reached XP level 13. HP: 84/103 MP: 18/18
 16136 | Lair:4   | Found a staircase to the Swamp.
 16755 | Lair:5   | Got a spiked leather armour
 16766 | Lair:5   | Identified the +0 leather armour of the Sea {+Inv rElec
                  | rPois SInv} (You found it on level 5 of the Lair of Beasts)
 16859 | Lair:5   | Upgraded the game from 0.25-a0-426-g7d9e569eea to
                  | 0.25-a0-435-g4b9beb1024
 16958 | Lair:5   | Reached ****** piety under Kikubaaqudgha
 17216 | Lair:5   | You fall into a shaft and drop 1 floor!
 17216 | Lair:6   | Entered Level 6 of the Lair of Beasts
 18076 | Lair:6   | Found a viscous altar of Jiyva.
 18077 | Lair:6   | Found a staircase to the Slime Pits.
 18168 | Lair:6   | Identified Muverrur's Almanac of Transformation and Flight
 18688 | Lair:6   | Found a burning altar of Makhleb.
 18746 | Lair:6   | Found a gateway to Hell.
 18754 | Lair:6   | Got a faintly glowing ivory amulet
 18755 | Lair:6   | Identified the amulet of Zacyl {Inacc Str+4} (You found it
                  | on level 6 of the Lair of Beasts)
 18928 | Lair:5   | Reached XP level 14. HP: 61/110 MP: 6/19
 19589 | Orc:1    | Entered Level 1 of the Orcish Mines
 20006 | Orc:2    | Entered Level 2 of the Orcish Mines
 20194 | Orc:2    | Reached skill level 10 in Necromancy
 20236 | Orc:2    | Found Plog's Jewellery Shoppe.
 20236 | Orc:2    | Found Luvoz's Weapon Boutique.
 20255 | Orc:2    | Found a roughly hewn altar of Beogh.
 20337 | Orc:2    | Found a burning altar of Makhleb.
 20342 | Orc:2    | Found a staircase to the Elven Halls.
 20607 | Orc:2    | Found Putwaiso's Antique Armour Shoppe.
 20607 | Orc:2    | Found Luniugic's Distillery.
 20896 | Orc:2    | Found Wasmuk's Assorted Antiques.
 20903 | Orc:2    | Bought a scroll labeled QIKIEVVAWI for 38 gold pieces
 20903 | Orc:2    | Bought a short bone wand for 152 gold pieces
 21092 | Orc:2    | Bought an uncursed ring of protection from cold for 325
                  | gold pieces
 21705 | D:11     | Reached skill level 5 in Evocations
 21800 | D:11     | Got a clouded iron ring
 21802 | D:11     | Identified the ring "Yforuyx" {MP+9 Stlth+} (You found it
                  | on level 11 of the Dungeon)
 22100 | D:12     | Found a large runed translucent door.
 22101 | D:12     | Found a large runed translucent door.
 23297 | D:13     | Found Goibasih's Antique Weapon Emporium.
 23298 | D:13     | Found Oppysey's Book Emporium.
 23299 | D:13     | Found Toquibutaed's Book Emporium.
 23303 | D:13     | Found Aseur's Weapon Emporium.
 23318 | D:13     | Bought the Incunabulum of Captivating Darkness for 540 gold
                  | pieces
 23318 | D:13     | Bought a book of Unlife for 845 gold pieces
 23457 | D:14     | Found a frozen archway.
 23474 | IceCv    | Entered an ice cave
 23564 | IceCv    | Found a transporter.
 23610 | IceCv    | Found a transporter.
 24114 | D:14     | Found a gate to the Vaults.
 24992 | D:14     | Reached XP level 15. HP: 95/115 MP: 20/20
 25872 | D:15     | Entered Level 15 of the Dungeon
 26301 | D:15     | Found a staircase to the Depths.
 26574 | D:15     | Found a burning altar of Makhleb.
 27076 | Swamp:1  | Entered Level 1 of the Swamp
 27714 | Swamp:1  | Reached skill level 10 in Dodging
 28702 | Swamp:2  | You fall into a shaft and drop 1 floor!
 28731 | Swamp:3  | HP: 3/115 [tyrant leech (23)]
 28973 | Swamp:3  | Reached skill level 5 in Spellcasting
 29470 | Swamp:2  | Slain by a spriggan rider

Levels and vault maps discovered:
D:1:      ldierk_water_garden, layout_basic
D:2:      layout_loops_ring, nicolae_overflow_hidden_temple, first_ration,
          chequers_ecumenical_altar_simple, minmay_door_square, minmay_between
D:3:      layout_basic, gup_sewer_entry_bubbles, minmay_misc_feat_ornament
D:4:      layout_basic
D:5:      minmay_evil_eye, layout_loops_ring, minmay_temple_entry_butterflies,
          nzn_random_ring
D:6:      layout_basic, ebering_ghost_xom,
          nicolae_dithmenos_through_a_glass_darkly, uniq_edmund
D:7:      layout_cave_pools, eat_drink_and_be_merry_uskayaw,
          fiery_altar_vehumet, serial_shops, shop, fedhas_altar_fruit_tree,
          uniq_harold, uniq_joseph
D:8:      kennysheep_ambush_hall, layout_rooms, overflow_temple_1_default,
          uniq_maurice
D:9:      layout_roguey [special_room_bee], dpeg_oklobed_lair, orc_0_dummy,
          special_room [special_room_orc], grunt_livestock, uniq_psyche
D:10:     layout_basic, serial_park_tiny_pond, uniq_grum
D:11:     layout_loops_ring, kennysheep_generic_room_2
D:12:     layout_long_grid, lightli_elemental_guards
D:13:     layout_cross, minmay_shop_grid_forest, kennysheep_cross_room
D:14:     layout_loops_ring, erik_vaults_2, kennysheep_boxes,
          portal_ice_cave_entry_pillars_1, minmay_fractal_squares_gapless_7
D:15:     hangedman_depths_entry_try_elsewhere_first, layout_cave_pools,
          makhleb_altar_promises_db
Temple:   dpeg_five_rooms_temple
Lair:1:   layout_chaotic_city
Lair:2:   layout_cave_shapes, guppyfry_snake_entry_island,
          minmay_shattered_shrine
Lair:3:   layout_roguey, infiniplex_staircase_pool
Lair:4:   layout_big_grid, nicolae_swamp_entry_splash_gauntlet
Lair:5:   layout_regular_city, grunt_megastairs_2, serial_bayou_shore_a,
          lemuel_fruit_fields
Lair:6:   evil_forest, layout_loops_ring, slime_altar_1,
          kennysheep_abandoned_house
Swamp:1:  layout_basic_swamp, hangedman_swamp_diagram
Swamp:2:  layout_basic_swamp, evilmike_swamp_ruin_rubble_2
Swamp:3:  layout_falls_marsh, nicolae_swamp_godswood
Orc:1:    layout_diamond_mine, abandoned_shop
Orc:2:    st_orc_town, layout_caves, basic_altar, serial_shops, shop

Skill      XL: |  1  2  3  4  5  6  7  8  9 10 11 12 13 14 15 |
---------------+----------------------------------------------+-----
Hexes          | 5 6 7 8 9 11 | 11.0
Stealth        | 5 6 7 9 10 11 | 11.0
Short Blades   | 2 3 4 5 6 7 9 10 | 10.0
Dodging        | 3 4 5 6 7 9 10 | 10.0
Shields        | 2 5 6 8 10 11 13 | 13.7
Fighting       | 1 4 6 8 10 | 10.0
Spellcasting   | 3 5 |  5.5
Necromancy     | 3 6 9 11 13 | 13.2
Evocations     | 1 4 6 7 |  7.2

Action                   |  1- 3 |  4- 6 |  7- 9 | 10-12 | 13-15 || total
-------------------------+-------+-------+-------+-------+-------++-------
Melee: Dagger            |    87 |   213 |   447 |  1340 |  2419 ||  4506
       Bite              |     8 |    21 |    50 |   177 |   273 ||   529
       Staff             |       |       |       |    12 |       ||    12
 Fire: Hunting sling     |       |       |       |       |    29 ||    29
Throw: Boomerang         |     4 |       |     3 |       |       ||     7
       Dart              |       |       |     3 |    17 |    21 ||    41
 Cast: Ensorcelled Hiber |     8 |    18 |    21 |    38 |    12 ||    97
       Confusing Touch   |       |     3 |    11 |    14 |    26 ||    54
       Tukima's Dance    |       |       |     4 |     2 |     9 ||    15
       Dazzling Flash    |       |       |       |    11 |    79 ||    90
       Animate Dead      |       |       |       |     7 |    43 ||    50
       Corpse Rot        |       |       |       |     5 |     2 ||     7
 Abil: Evoke Blink       |       |       |       |       |     2 ||     2
Evoke: Wand              |       |       |       |     1 |    29 ||    30
  Use: Scroll            |     5 |     5 |    12 |    10 |    18 ||    50
       Potion            |       |     1 |     4 |     5 |     7 ||    17
 Stab: Sleeping          |    10 |    20 |    26 |    40 |    52 ||   148
       Confused          |       |     5 |    14 |    14 |    34 ||    67
       Distracted        |       |       |     2 |     6 |     4 ||    12
       Invisible         |       |       |       |     1 |    50 ||    51
       Paralysed         |       |       |       |       |     1 ||     1
Armor: Robe              |    19 |    33 |    52 |     6 |   124 ||   234
       Ring mail         |       |       |       |   268 |   198 ||   466
       Leather armour    |       |       |       |       |    61 ||    61
Dodge: Dodged            |    58 |   126 |   173 |   385 |   780 ||  1522
Block: Shield            |       |       |   124 |   721 |  1537 ||  2382
       Reflection        |       |       |       |       |    41 ||    41

Table legend:
 A = Non-vault XP
 B = Vault XP
 C = Vault XP percentage of total XP
 D = Non-vault monster count
 E = Vault monster count
 F = Vault count percentage of total count
                 A         B        C        D         E       F
            +---------+---------+-------+---------+---------+-------
      Total |   99953 |   43755 |  30.4 |     572 |     267 |  31.8
            +---------+---------+-------+---------+---------+-------
        D:1 |      31 |       0 |   0.0 |      15 |       0 |   0.0
        D:2 |     102 |      25 |  19.7 |      15 |       6 |  28.6
        D:3 |      73 |      15 |  17.0 |      19 |       7 |  26.9
        D:4 |     914 |       0 |   0.0 |      19 |       0 |   0.0
        D:5 |     226 |     631 |  73.6 |       8 |      14 |  63.6
        D:6 |     590 |     164 |  21.8 |      14 |       1 |   6.7
        D:7 |    1180 |    1421 |  54.6 |      32 |       2 |   5.9
        D:8 |    1520 |    2483 |  62.0 |      26 |       7 |  21.2
        D:9 |    1656 |    3492 |  67.8 |      25 |      59 |  70.2
       D:10 |    1734 |     409 |  19.1 |      17 |       3 |  15.0
       D:11 |    7911 |     136 |   1.7 |      41 |       2 |   4.7
       D:12 |    5494 |     638 |  10.4 |      29 |       4 |  12.1
       D:13 |    6761 |     963 |  12.5 |      41 |       1 |   2.4
       D:14 |   11049 |    7769 |  41.3 |      32 |      13 |  28.9
       D:15 |    6036 |    2164 |  26.4 |      24 |       4 |  14.3
     Lair:1 |    4516 |       0 |   0.0 |      21 |       0 |   0.0
     Lair:2 |    2801 |    4538 |  61.8 |      10 |      10 |  50.0
     Lair:3 |    7349 |       0 |   0.0 |      36 |       0 |   0.0
     Lair:4 |    1708 |    1322 |  43.6 |       7 |       7 |  50.0
     Lair:5 |    4249 |    1659 |  28.1 |      22 |       8 |  26.7
     Lair:6 |    8861 |    8378 |  48.6 |      34 |      44 |  56.4
    Swamp:1 |    6916 |       0 |   0.0 |      22 |       0 |   0.0
    Swamp:2 |   10828 |       0 |   0.0 |      25 |       0 |   0.0
    Swamp:3 |    6005 |       0 |   0.0 |      15 |       0 |   0.0
      Orc:1 |     681 |       0 |   0.0 |      13 |       0 |   0.0
      Orc:2 |     762 |    4611 |  85.8 |      10 |      59 |  85.5
      Sewer |       0 |     143 | 100.0 |       0 |       6 | 100.0
      IceCv |       0 |    2794 | 100.0 |       0 |      10 | 100.0
            +---------+---------+-------+---------+---------+-------
